 Dungeon Crawl Stone Soup version 0.30-a0-168-g0b976cbdc4 (webtiles) character file.

Game seed: 5217483225799530153

230 qw the Chopper (level 6, -5/38 HPs)
             Began as a Gargoyle Fighter on Sept 29, 2022.
             Splashed by a jelly's acid (10 damage)
             ... on level 4 of the Dungeon.
             The game lasted 00:01:03 (2217 turns).

qw the Chopper (Gargoyle Fighter)                   Turns: 2217, Time: 00:01:04

Health: -5/38      AC: 15    Str: 21    XL:     6   Next: 3%
Magic:  6/6        EV:  7    Int:  9    God:
Gold:   795        SH:  4    Dex:  9    Spells: 5/5 levels left

rFire   . . .      SeeInvis .    Y - +1 war axe
rCold   . . .      Faith    .    c - +0 buckler
rNeg    + . .      Spirit   .    f - +0 chain mail
rPois   inf        Reflect  .    l - +0 helmet
rElec   +          Harm     .    e - +0 cloak
rCorr   .          Rampage  .    (no gloves)
Will    .....                    (no boots)
Stlth   ..........               (no amulet)
HPRegen 0.12/turn                (no ring)
MPRegen 0.10/turn                (no ring)

@: no status effects
A: sickness immunity, AC +4, negative energy resistance 1, electricity
resistance, torment resistance 1, petrification resistance
a: no special abilities


You were on level 4 of the Dungeon.
You visited 1 branch of the dungeon, and saw 4 of its levels.

You collected 795 gold pieces.


Innate Abilities, Weirdness & Mutations

You are immune to sickness and miasma.
Your stone body is resilient. (AC +4)
You are immune to poison.
You resist negative energy. (rN+)
You are resistant to electric shocks. (rElec)
You are resistant to unholy torment.
You are immune to petrification.


   Skills:
 - Level 4.0 Fighting
 + Level 5.0 Axes
 - Level 3.2 Armour
 - Level 0.8 Dodging
 - Level 3.2 Shields


You had 5 spell levels left.
You didn't know any spells.
Your spell library was empty.

Inventory:

Hand Weapons
 q - a +2 whip of holy wrath
 Y - a +1 war axe (weapon)
Armour
 c - a +0 buckler (worn)
 e - a +0 cloak (worn)
 f - a +0 chain mail (worn)
 l - a +0 helmet (worn)
Scrolls
 h - 3 scrolls of identify
Potions
 d - a potion of might
 o - a potion of mutation

Dungeon Overview and Level Annotations

Branches:
Dungeon (4/15)
 Temple: D:4-7

Altars:
Nemelex Xobeh

Annotations:
D:4 Dowan, Duvessa


Message History

Duvessa is lightly wounded.
Duvessa hits you with a +0 short sword.
You barely miss Duvessa.
Duvessa is lightly wounded.
Duvessa hits you with a +0 short sword. Dowan casts a spell at you.
The puff of flame hits you but does no damage.
Duvessa hits you but does no damage. The jelly hits you but does no damage.
You slash Duvessa!
Duvessa is moderately wounded.
You completely miss the jelly. Duvessa hits you but does no damage.
The jelly hits you but does no damage.
You slash Duvessa!
Duvessa is severely wounded.
You hit the jelly.
Your hands burn!
Duvessa hits you but does no damage. The jelly hits you. The acid corrodes you!
You are splashed with acid!
2214 ||| DRINKING potion of heal wounds.
You feel much better. Duvessa hits you with a +0 short sword.
The jelly barely misses you.
You barely miss Duvessa.
Duvessa is heavily wounded.
You barely miss the jelly. The jelly closely misses you.
Dowan says, "Magic and the sword, together, will defeat you."
You closely miss Dowan.
Dowan is almost dead.
You hit the jelly. The acid corrodes you!
Your hands burn!
You hit Duvessa but do no damage.
You are no longer glowing.
Duvessa closely misses you. The jelly hits you. The acid corrodes you!
You are splashed with acid!
Dowan hits you with a +0 dagger. Duvessa completely misses you.
Dowan hits you with a +0 dagger. The jelly hits you but does no damage.
2217 ||| DRINKING potion of cancellation.
Your magical effects are unravelling.
You feel magically purged.
You are no longer corroded.
You block Duvessa's attack. The jelly hits you.
You are splashed with acid!
You die...

...~~¤¤~~~~..
##...........+###
..........#.....#
..........#.....#
..........#.....#
..........'.....#
#.......#.....#
##......#.....#
#...e@.#..>..#
#....eJ#.....#
#......#.....###
#......#........
#......#<.......
#......#.....###
#......#.....#
#......#.....#
#.....#


You could see Duvessa, Dowan and a jelly.

Vanquished Creatures
  3 orc wizards (D:3)
  4 gnolls (D:3)
  6 adders
  A dart slug (D:1)
  10 orcs (D:3)
  3 ball pythons
  5 bats
  4 endoplasms
  3 goblins
  A hobgoblin (D:3)
  2 jackals (D:3)
  2 quokkas (D:2)
  A frilled lizard (D:1)
  5 kobolds
  8 rats
58 creatures vanquished.

Notes
Turn   | Place    | Note
-------+----------+-------------------------------------------
     0 | D:1      | qw the Gargoyle Fighter began the quest for the Orb.
     0 | D:1      | Reached XP level 1. HP: 14/14 MP: 1/1
     0 | D:1      | 0 ||| qw: Version: 0.2-a-12-gaebbb33
     0 | D:1      | 0 ||| qw: Game counter: 1240
     0 | D:1      | 0 ||| qw: Always use a shield: true
     0 | D:1      | 0 ||| qw: God list: Okawaru
     0 | D:1      | 0 ||| qw: Allow faded altars: false
     0 | D:1      | 0 ||| qw: Do Orc after D:15 true
     0 | D:1      | 0 ||| qw: Do second Lair branch before Depths: true
     0 | D:1      | 0 ||| qw: Lair rune preference: random
     0 | D:1      | 0 ||| qw: Plans: Normal, Zot:1-4, God:TSO, Crypt, Tomb,
                  | Pan, Slime:5, Hells, Abyss, Orb
     0 | D:1      | 0 ||| PLANNING D:1-11
    45 | D:1      | 45 ||| Stepping ~*~*~tactically~*~*~ (stealth).
    47 | D:1      | 47 ||| Stepping ~*~*~tactically~*~*~ (stealth).
    48 | D:1      | 48 ||| Stepping ~*~*~tactically~*~*~ (stealth).
    49 | D:1      | 49 ||| Stepping ~*~*~tactically~*~*~ (stealth).
    54 | D:1      | Reached skill level 2 in Axes
   203 | D:1      | Reached XP level 2. HP: 18/19 MP: 2/2
   670 | D:1      | Reached skill level 3 in Axes
   670 | D:1      | 670 ||| UPGRADING to +0 cloak.
   675 | D:1      | 675 ||| UPGRADING to +0 helmet.
   680 | D:1      | 680 ||| READING scroll labelled LETAHYPNIF.
   681 | D:1      | 681 ||| READING 5 scrolls labelled FEKLABOAVA.
   682 | D:1      | 682 ||| READING 2 scrolls labelled NESEAT IWIACENLY.
   683 | D:1      | 683 ||| READING scroll labelled GET NUMOACOWE.
   684 | D:1      | 684 ||| READING 4 scrolls of identify.
   684 | D:1      | 684 ||| IDENTIFYING coppery potion
   685 | D:1      | 685 ||| DROPPING scroll of poison.
   841 | D:2      | Reached XP level 3. HP: 21/23 MP: 3/3
  1085 | D:2      | Found a faded altar of an unknown god.
  1239 | D:2      | 1239 ||| READING scroll labelled BAMUIHI MUEPYULIA.
  1240 | D:2      | 1240 ||| READING scroll labelled GAHEADGH TUOSEM.
  1279 | D:3      | Reached XP level 4. HP: 26/28 MP: 4/4
  1288 | D:3      | Reached skill level 4 in Axes
  1302 | D:3      | 1302 ||| FLEEEEING.
  1304 | D:3      | 1304 ||| FLEEEEING.
  1305 | D:3      | 1305 ||| STAIRDANCE
  1395 | D:3      | 1395 ||| Stepping ~*~*~tactically~*~*~ (stealth).
  1404 | D:3      | 1404 ||| Stepping ~*~*~tactically~*~*~ (hiding).
  1417 | D:3      | Reached XP level 5. HP: 31/32 MP: 5/5
  1422 | D:3      | 1422 ||| DROPPING +0 club.
  1440 | D:3      | Found a sparkling altar of Nemelex Xobeh.
  1537 | D:3      | 1537 ||| Stepping ~*~*~tactically~*~*~ (stealth).
  1538 | D:3      | 1538 ||| Stepping ~*~*~tactically~*~*~ (stealth).
  1543 | D:3      | Reached skill level 5 in Axes
  1653 | D:3      | 1653 ||| Stepping ~*~*~tactically~*~*~ (stealth).
  1695 | D:3      | 1695 ||| Stepping ~*~*~tactically~*~*~ (stealth).
  1912 | D:3      | 1912 ||| DROPPING +0 whip.
  1968 | D:3      | Reached XP level 6. HP: 38/38 MP: 6/6
  2045 | D:3      | 2045 ||| UPGRADING to +0 chain mail.
  2055 | D:3      | 2055 ||| DROPPING +0 scale mail.
  2056 | D:3      | 2056 ||| READING scroll labelled KUIHERGH LULO.
  2056 | D:3      | Identified a scroll of acquirement
  2056 | D:3      | 2056 ||| ACQUIRING 602 gold pieces
  2056 | D:3      | Acquired 602 gold pieces
  2058 | D:3      | 2058 ||| READING scroll labelled GIWKOTE VAUBAG.
  2159 | D:3      | 2159 ||| READING scroll labelled TIRRIQ VILLU.
  2163 | D:3      | 2163 ||| READING scroll labelled KENUVIKHAR.
  2164 | D:3      | 2164 ||| READING scroll labelled IFFEQI HOUST.
  2165 | D:3      | 2165 ||| DRINKING 2 fuming brown potions.
  2166 | D:3      | 2166 ||| READING 5 scrolls of identify.
  2166 | D:3      | 2166 ||| IDENTIFYING fuming dark potion
  2167 | D:3      | 2167 ||| READING 4 scrolls of identify.
  2167 | D:3      | 2167 ||| IDENTIFYING blue potion
  2168 | D:3      | 2168 ||| DROPPING potion of berserk rage.
  2201 | D:4      | Noticed Duvessa
  2201 | D:4      | Noticed Dowan
  2213 | D:4      | HP: 3/38 [acid (8)]
  2214 | D:4      | 2214 ||| DRINKING potion of heal wounds.
  2217 | D:4      | 2217 ||| DRINKING potion of cancellation.
  2217 | D:4      | Splashed by a jelly's acid

Levels and vault maps discovered:
D:1:      reono_arrival_mine, layout_rooms
D:2:      layout_rooms, chequers_ecumenical_altar_simple_redux,
          nicolae_concentric_dashed_squares_mild
D:3:      layout_rooms, mainiacjoe_overflow_small_starburst
D:4:      layout_gridville, mainiacjoe_overflow_concentric_impassable,
          minmay_temple_entry_offerings, uniq_pikel, uniq_crazy_yiuf_cottage,
          uniq_duvessa, uniq_grinder

Skill      XL: |  1  2  3  4  5 |
---------------+----------------+-----
Axes           | 2 3 4 5 |  5.0
Fighting       | 4 |  4.0
Armour         | |  3.2
Dodging        | |  0.8
Shields        | |  3.2

Action                   |  1- 3 |  4- 6 || total
-------------------------+-------+-------++-------
Melee: War axe           |    89 |    99 ||   188
Throw: Boomerang         |       |     2 ||     2
  Use: Scroll            |     7 |     7 ||    14
       Potion            |       |     3 ||     3
Armor: Scale mail        |    51 |    68 ||   119
       Chain mail        |       |    11 ||    11
Dodge: Dodged            |    42 |    48 ||    90
Block: Buckler           |    15 |    24 ||    39

Table legend:
 A = Non-vault XP
 B = Vault XP
 C = Vault XP percentage of total XP
 D = Non-vault monster count
 E = Vault monster count
 F = Vault count percentage of total count
                 A         B        C        D         E       F
            +---------+---------+-------+---------+---------+-------
      Total |     329 |       0 |   0.0 |      58 |       0 |   0.0
            +---------+---------+-------+---------+---------+-------
        D:1 |      30 |       0 |   0.0 |      18 |       0 |   0.0
        D:2 |      43 |       0 |   0.0 |      11 |       0 |   0.0
        D:3 |     256 |       0 |   0.0 |      29 |       0 |   0.0
            +---------+---------+-------+---------+---------+-------
